 Dungeon Sprint DCSS version 0.27-a0-819-g058290f16d (webtiles) character file.

Game seed: 11573413537888060583

15545 rocky1 the End of an Era (level 12, -4/106 HPs)
             Began as a Demonspawn Gladiator on Mar 29, 2021.
             Was the Champion of Qazlal.
             Slain by a vampire knight
             ... wielding a +0 dire flail
              (6 damage)
             ... in the Dungeon (Sprint VII: "The Pits") on Mar 30, 2021.
             The game lasted 00:11:39 (4540 turns).

rocky1 the End of an Era (Demonspawn Gladiator)     Turns: 4540, Time: 00:11:40

Health: -4/106     AC: 19    Str: 19    XL:     12   Next: 2%
Magic:  7/24       EV: 14    Int: 10    God:    Qazlal [******]
Gold:   62         SH:  8    Dex: 17    Spells: 11/11 levels left

rFire    . . .     SeeInvis .   p - +1 broad axe (freeze)
rCold    . . .     Faith    .   (no shield)
rNeg     . . .     Spirit   .   s - +4 chain mail
rPois    .         Reflect  .   (helmet restricted)
rElec    .         Harm     .   (no cloak)
rCorr    .         Rampage  .   (no gloves)
Will     .....     NoTele   +   (no boots)
Stlth    ..........             (no amulet)
HPRegen  0.27/turn              (no ring)
MPRegen  0.19/turn              (no ring)

@: protected from physical damage, hasted, repel missiles, very quick
A: horns 1, thin skeletal structure 1, foul stench 2, demonic magic 2
a: Renounce Religion, Upheaval, Elemental Force, Disaster Area


You were in the Dungeon.
You worshipped Qazlal.
Qazlal was exalted by your worship.
You visited 1 branch You collected 62 gold pieces.

Inventory:

Hand Weapons
 n - a +1 vorpal hand axe
 p - a +1 broad axe of freezing (weapon)
 q - a +2 vorpal morningstar
 r - a +0 lajatang
 G - a +4 scimitar of flaming
Missiles
 d - 2 throwing nets (quivered)
Armour
 a - a +3 scale mail
 s - a +4 chain mail (worn)
 t - a +3 plate armour
 y - the +0 pair of gloves of Generosity {rC+ Will- Dex+2}
   (You found it in the Dungeon)

   It affects your dexterity (+2).
   It protects you from cold.
   It decreases your willpower.
 F - a +3 troll leather armour {Snorg}
 H - a +2 robe of willpower
Jewellery
 b - a +3 ring of protection
 c - a +3 ring of protection
 v - a ring of positive energy
 x - a +6 ring of strength
Scrolls
 j - 3 scrolls of blinking
 l - 5 scrolls of amnesia
 m - 2 scrolls of summoning
 w - 3 scrolls of identify
 z - 2 scrolls of enchant weapon
 A - 4 scrolls of fear
 C - 2 scrolls of enchant armour
 E - a scroll of fog
Potions
 e - 10 potions of curing
 f - 8 potions of heal wounds
 g - 3 potions of haste
 h - 4 potions of magic
 i - 3 potions of berserk rage
 k - a potion of invisibility
 o - a potion of might
 u - a potion of resistance
 B - 3 potions of brilliance
 D - a potion of mutation


   Skills:
 + Level 13.8 Fighting
 + Level 12.9 Axes
 - Level 1.7 Throwing
 + Level 12.6 Armour
 + Level 12.9 Dodging
 + Level 17.0 Invocations


You had 11 spell levels left.
You didn't know any spells.
Your spell library was empty.

Dungeon Overview and Level Annotations

Branches:
Dungeon (1/1)

Altars:
Ashenzari
Cheibriados
Dithmenos
Elyvilon
Fedhas
Gozag
Hepliaklqana
Kikubaaqudgha
Makhleb
Nemelex Xobeh
Okawaru
Qazlal
Ru
Sif Muna
Trog
Uskayaw
Vehumet
Wu Jian
Xom
Yredelemnul
Zin
The Shining One
Beogh
Jiyva
Lugonu


Innate Abilities, Weirdness & Mutations

You have a pair of small horns on your head.
You have a somewhat thin skeletal structure. (Dex +2, Stealth)
You sometimes emit foul miasma when damaged in melee.
Spells you cast may paralyse nearby enemies.


Message History

Something bites you but does no damage.
Unknown command.
You feel much better.
The orc knight no longer looks unusually strong.
Something hits you!!
* * * LOW HITPOINT WARNING * * *
You feel more protected from physical attacks.
Something bites you.
* * * LOW HITPOINT WARNING * * *
Something draws strength from your injuries!
The orc knight roars a battlecry!
The orc knight goes into a battle-frenzy!
Nature churns violently around you!
The blast of magma engulfs the orc knight!!
The orc knight is almost dead.
The blast of magma engulfs the orc knight!!
The orc knight is severely wounded.
The blast of magma engulfs the orc knight!!
The orc knight is heavily wounded.
The blast of ice hits the orc knight!!
You kill the orc knight!
Qazlal accepts your kill.
The blast of ice hits the orc knight!!!
You kill the orc knight!
Qazlal accepts your kill.
The blast of ice hits the orc knight!!
The orc knight is almost dead.
The orc knight is flash-frozen.
The blast of magma engulfs the orc knight!!
You kill the orc knight!
Qazlal accepts your kill.
The blast of rubble hits the orc knight!!
The orc knight is severely wounded.
The blast of ice hits the orc knight!!
You kill the orc knight!
Qazlal accepts your kill. Something hits you!!
* * * LOW HITPOINT WARNING * * *
Something bites you.
You die...

#++######################
#§§§§§°.○.☼..≈(......).).
#.§≈§≈§.@§.)).[≈.)...)..)
#..##############''######
#..# .....# #..# NN....#
#..# #......# #..#
###oc### #..# ..o. #..#
.... #########..#


There were no monsters in sight!

Vanquished Creatures
  Snorg (D)
  A blizzard demon (D)
  A naga warrior (D)
  Erica (D)
  A death yak (D)
  An orc high priest (D)
  A fire crab (D)
  A spriggan (D)
  A spriggan druid (D)
  A shadow wraith (D)
  2 deep elf zephyrmancers (D)
  A deep elf pyromancer (D)
  4 orc knights (D)
  2 orange demons (D)
  2 black mambas (D)
  A naga mage (D)
  A kobold demonologist (D)
  A komodo dragon (D)
  2 rime drakes (D)
  2 freezing wraiths (D)
  A troll (D)
  A yaktaur (D)
  A red devil (D)
  A polar bear (D)
  A hornet (D)
  A snapping turtle (D)
  5 dream sheep (D)
  A vampire (D)
  A tarantella (D)
  A fire bat (D)
  A basilisk (D)
  A steam dragon (D)
  A naga (D)
  2 floating eyes (D)
  5 hell hounds (D)
  A water moccasin (D)
  An orc warrior (D)
  A sky beast (D)
  2 swamp drakes (D)
  An ogre (D)
  3 wolves (D)
  2 centaurs (D)
  A phantom (D)
  A bullfrog (D)
  A gnoll sergeant (D)
  A scorpion (D)
  A wight (D)
  2 quasits (D)
  A hound (D)
  An iron imp (D)
  An orc priest (D)
  3 orc wizards (D)
  A hell rat (D)
  A small abomination (D)
  A mummy (D)
  4 gnolls (D)
  An adder (D)
  2 ufetubi (D)
  An adder skeleton (D)
  3 orcs (D)
  A bat zombie (D)
  2 giant cockroaches (D)
  2 goblins (D)
  2 ball python zombies (D)
  3 kobolds (D)
  2 rats (D)
102 creatures vanquished.

Notes
Turn   | Place    | Note
-------+----------+-------------------------------------------
     0 | D        | rocky1 the Demonspawn Gladiator began the quest for the
                  | Orb.
     0 | D        | Reached XP level 1. HP: 16/16 MP: 1/1
    20 | D        | Found a bloodstained altar of Trog.
    20 | D        | Found a shimmering blue altar of Sif Muna.
    20 | D        | Found a viscous altar of Jiyva.
    20 | D        | Found a hazy altar of Hepliaklqana.
    20 | D        | Found an opulent altar of Gozag.
    21 | D        | Found a basalt altar of Yredelemnul.
    21 | D        | Found a shimmering altar of Xom.
    21 | D        | Found an ornate altar of the Wu Jian Council.
    21 | D        | Found a sacrificial altar of Ru.
    21 | D        | Found a stormy altar of Qazlal.
    21 | D        | Found an iron altar of Okawaru.
    21 | D        | Found a sparkling altar of Nemelex Xobeh.
    21 | D        | Found a burning altar of Makhleb.
    21 | D        | Found a blossoming altar of Fedhas.
    21 | D        | Found a shadowy altar of Dithmenos.
    21 | D        | Found a snail-covered altar of Cheibriados.
    24 | D        | Found a corrupted altar of Lugonu.
    24 | D        | Found a radiant altar of Vehumet.
    25 | D        | Found an ancient bone altar of Kikubaaqudgha.
    25 | D        | Found a hide-covered altar of Uskayaw.
    25 | D        | Found a broken altar of Ashenzari.
    28 | D        | Became a worshipper of Qazlal Stormbringer
    67 | D        | Reached skill level 1 in Armour
    67 | D        | Reached skill level 1 in Invocations
    80 | D        | Reached * piety under Qazlal
    81 | D        | Gained mutation: You have a pair of small horns on your
                  | head. [demonic ancestry]
    81 | D        | Reached XP level 2. HP: 23/23 MP: 3/3
   292 | D        | Noticed a bullfrog
   297 | D        | Killed a bullfrog
   298 | D        | Reached skill level 4 in Invocations
   298 | D        | Gained mutation: Spells you cast may paralyse adjacent
                  | enemies. [demonic ancestry]
   298 | D        | Reached XP level 3. HP: 8/30 MP: 3/6
   298 | D        | Reached XP level 4. HP: 10/37 MP: 3/7
   298 | D        | Reached ** piety under Qazlal
   531 | D        | Noticed a centaur
   557 | D        | Noticed an ogre
   564 | D        | Killed a centaur
   564 | D        | Reached *** piety under Qazlal
   565 | D        | Reached skill level 5 in Fighting
   565 | D        | Reached skill level 5 in Axes
   565 | D        | Reached skill level 5 in Dodging
   565 | D        | Reached skill level 6 in Invocations
   565 | D        | Reached XP level 5. HP: 28/44 MP: 7/9
   584 | D        | HP: 1/44 [ogre/+0 giant club (7)]
   591 | D        | Killed an ogre
   591 | D        | Reached **** piety under Qazlal
   592 | D        | Reached skill level 5 in Armour
   592 | D        | Reached skill level 7 in Invocations
   592 | D        | Gained mutation: You may rarely emit foul miasma when
                  | damaged in melee. [demonic ancestry]
   592 | D        | Reached XP level 6. HP: 7/52 MP: 9/11
   873 | D        | Noticed a floating eye
   878 | D        | Killed a floating eye
   879 | D        | Reached skill level 8 in Invocations
   888 | D        | Noticed a sky beast
   896 | D        | Killed a sky beast
   897 | D        | Gained mutation: You have a somewhat thin skeletal
                  | structure. (Dex +2, Stealth) [demonic ancestry]
   897 | D        | Reached XP level 7. HP: 44/60 MP: 13/13
   976 | D        | Noticed a kobold demonologist
   990 | D        | Killed a kobold demonologist
   990 | D        | Reached ***** piety under Qazlal
   991 | D        | Reached skill level 9 in Invocations
  1077 | D        | Noticed a basilisk
  1082 | D        | Paralysed by a floating eye for 4 turns
  1093 | D        | Killed a basilisk
  1094 | D        | Reached skill level 10 in Invocations
  1094 | D        | Reached XP level 8. HP: 19/68 MP: 10/15
  1468 | D        | Noticed a death yak
  1468 | D        | Noticed an orange demon
  1478 | D        | Killed a death yak
  1479 | D        | Reached skill level 11 in Invocations
  1485 | D        | Killed an orange demon
  1904 | D        | Noticed a deep elf zephyrmancer
  1907 | D        | Killed a deep elf zephyrmancer
  1908 | D        | Reached skill level 12 in Invocations
  1908 | D        | Reached XP level 9. HP: 19/78 MP: 16/18
  1911 | D        | Killed a shadow wraith
  1912 | D        | Reached skill level 10 in Fighting
  2135 | D        | Noticed a rime drake
  2138 | D        | Killed a rime drake
  2138 | D        | Reached ****** piety under Qazlal
  2139 | D        | Reached skill level 10 in Axes
  2139 | D        | Reached skill level 10 in Dodging
  2139 | D        | Reached skill level 13 in Invocations
  2139 | D        | Gained mutation: You sometimes emit foul miasma when
                  | damaged in melee. [demonic ancestry]
  2139 | D        | Reached XP level 10. HP: 69/86 MP: 11/19
  2241 | D        | Reached skill level 10 in Armour
  2565 | D        | Noticed a black mamba
  2571 | D        | Killed a black mamba
  2573 | D        | Reached skill level 14 in Invocations
  2887 | D        | Noticed a black mamba
  2887 | D        | Noticed a spriggan rider
  2894 | D        | Killed a spriggan rider
  2900 | D        | Killed a black mamba
  2907 | D        | Noticed an orange demon
  2909 | D        | Killed an orange demon
  3029 | D        | Noticed a spriggan druid
  3034 | D        | Killed a spriggan druid
  3035 | D        | Reached skill level 15 in Invocations
  3035 | D        | Gained mutation: Spells you cast may paralyse nearby
                  | enemies. [demonic ancestry]
  3035 | D        | Reached XP level 11. HP: 48/95 MP: 22/22
  3639 | D        | Got the +0 pair of gloves of Generosity {rC+ Will- Dex+2}
  3765 | D        | Noticed Erica
  3770 | D        | Killed Erica
  3778 | D        | Noticed a deep elf zephyrmancer
  3783 | D        | Noticed Snorg
  3792 | D        | Killed Snorg
  3797 | D        | Killed a deep elf zephyrmancer
  3802 | D        | Reached skill level 16 in Invocations
  4026 | D        | Noticed a fire crab
  4045 | D        | Killed a fire crab
  4218 | D        | Noticed a blizzard demon
  4219 | D        | Noticed an orc high priest
  4222 | D        | Killed an orc high priest
  4233 | D        | Killed a blizzard demon
  4421 | D        | Noticed a deep elf pyromancer
  4429 | D        | Killed a deep elf pyromancer
  4516 | D        | Noticed a naga warrior
  4516 | D        | Noticed a vampire knight
  4516 | D        | Noticed an orc knight
  4516 | D        | Noticed an orc knight
  4516 | D        | Noticed an orc knight
  4517 | D        | Noticed an orc knight
  4525 | D        | Paralysed by something for 4 turns
  4534 | D        | Killed a naga warrior
  4535 | D        | Reached skill level 17 in Invocations
  4535 | D        | Reached XP level 12. HP: 29/106 MP: 13/24
  4540 | D        | HP: 2/106 [something (18)]
  4540 | D        | Slain by a vampire knight

Illustrated notes

Levels and vault maps discovered:
D:        pitsprint [storerooms_1, entrance_room_1, metal_vault_2, armoury_1,
          mini_pit_1, grid_room_1, main_hall_1, silver_pit, the_coven_3,
          the_vestibule_1, steel_vault_3, golden_pit, hallway_of_sentries,
          crystal_vault_6, iron_vault_2, final_vault]

Skill      XL: |  1  2  3  4  5  6  7  8  9 10 11 |
---------------+----------------------------------+-----
Axes           | 3 4 5 6 7 9 10 11 12 | 12.9
Armour         | 1 3 4 5 6 7 8 9 11 12 | 12.6
Dodging        | 3 4 5 6 7 9 10 11 12 | 12.9
Invocations    | 1 4 6 7 8 10 12 13 15 17 | 17.0
Fighting       | 4 5 6 7 8 9 10 12 13 | 13.8
Throwing       | |  1.7

Action                   |  1- 3 |  4- 6 |  7- 9 | 10-12 || total
-------------------------+-------+-------+-------+-------++-------
Melee: War axe           |    14 |     2 |       |       ||    16
       Headbutt          |     1 |    16 |     7 |    31 ||    55
       Hand axe          |       |    57 |    36 |       ||    93
       Broad axe         |       |       |    13 |   142 ||   155
Throw: Throwing net      |       |       |     1 |       ||     1
Invok: Upheaval          |       |       |     7 |     9 ||    16
       Disaster Area     |       |       |     1 |     3 ||     4
  Use: Potion            |       |     1 |     2 |     8 ||    11
 Stab: Invisible         |       |       |       |     2 ||     2
Armor: Leather armour    |     1 |       |       |       ||     1
       Scale mail        |       |    19 |    11 |       ||    30
       Chain mail        |       |       |     9 |    78 ||    87
Dodge: Dodged            |    16 |    28 |    35 |    71 ||   150
       Repelled          |       |       |     3 |     5 ||     8
Block: Other             |       |    12 |    15 |    51 ||    78

Table legend: (Time is in decaauts)
 A = Elapsed time spent in this place.
 B = Non-inter-level travel time spent in this place.
 C = Inter-level travel time spent in this place.
 D = Time resting spent in this place.
 E = Time spent auto-exploring this place.
 F = Levels seen in this place.
 G = Mean time per level.
                   A        B        C        D        E       F      G
               +--------+--------+--------+--------+--------+-----+--------+
         Total |   4585 |   4480 |    105 |   3381 |      0 |   1 | 4585.0 |
       Dungeon |   4585 |   4480 |    105 |   3381 |      0 |   1 | 4585.0 |
               +--------+--------+--------+--------+--------+-----+--------+

Top non-repeatable levels by time:
       D: 4585 daAuts
